AoeStats
← Stoskraw

Nomad

507818443Analyzed
4v4 RM · 12d ago on Sep 19, 2026· 46m 15s· 8 players
Game mode
Random Map
Map size
231×231
Population
200
Speed
Normal
Resources
Standard
Victory
Conquest
Starting age
Dark Age
Ending age
Imperial Age
RankedLock teamsTeams togetherTeam positionsShared explorationLock speedFull tech treeHidden civsTurbo modeCheats
Victory
Defeat
🇨🇱 Spanish · Chile
965
+12
🇨🇴 Malay · Colombia
925
+13
🇺🇸 Chinese · United States
899
+14
🇨🇱 Vikings · Chile
883
+15
🇪🇸 Cumans · Spain
937
-17
🇨🇴 Tupi · Colombia
857
-13
🇱🇻 Britons · Latvia
836
-12
🇺🇸 Inca · United States
821
-12
wardjawulf
8:40 Loom
18:17 Feudal Age
19:24 Fishing Lines
22:11 Double-Bit Axe
24:28 Castle Age
24:09 Stone Mining
24:33 Gold Mining
26:24 Gillnets
27:31 Bow Saw
30:43 Fletching
30:54 Padded Archer Armor
36:03 Imperial Age
33:15 Crossbowman
33:53 Bodkin Arrow
34:13 Leather Archer Armor
36:31 Ballistics
36:23 Arbalester
37:57 Bracer
41:12 Leather Archer Armor
ferandres99
4:34 Loom
14:49 Feudal Age
15:57 Town Watch
16:05 Double-Bit Axe
21:13 Castle Age
20:15 Fishing Lines
23:00 Wheelbarrow
24:45 Horse Collar
25:54 Gillnets
30:45 Imperial Age
28:36 Stone Mining
29:09 Gold Mining
31:11 Fletching
31:22 Padded Archer Armor
31:45 Ballistics
31:36 Masonry
31:29 Town Patrol
31:51 Bow Saw
32:25 Hand Cart
32:22 Bodkin Arrow
33:29 Chemistry
32:26 Murder Holes
33:18 Conscription
34:25 Thumb Ring
34:53 Bracer
35:09 Leather Archer Armor
35:10 Fervor
36:40 Two-Man Saw
37:36 Capped Ram
40:19 Heavy Plow
39:57 Siege Ram
41:11 Heavy Rocket Cart
43:04 Ring Archer Armor
43:07 Architecture
42:50 Fortified Wall
43:59 Elite Chu Ko Nu
46:34 Heated Shot
46:47 Atonement
47:04 Block Printing
47:04 Forging
47:00 Scale Barding Armor
jorgepuegu
4:19 Loom
15:46 Feudal Age
20:34 Castle Age
19:29 Stone Mining
19:23 Horse Collar
19:30 Double-Bit Axe
32:28 Fletching
39:26 Imperial Age
38:53 Husbandry
39:17 Heavy Plow
40:57 Bodkin Arrow
41:03 Padded Archer Armor
41:20 Bloodlines
42:51 Elite Conquistador
43:55 Conscription
43:37 Inquisition
45:26 Wheelbarrow
44:37 Town Watch
44:45 Gold Mining
45:15 Bow Saw
eeddwwiinn200
3:00 Loom
17:14 Feudal Age
16:45 Fishing Lines
17:43 Wheelbarrow
17:08 Double-Bit Axe
17:10 Man-at-Arms
18:29 Town Watch
19:10 Gold Mining
19:06 Horse Collar
26:44 Castle Age
26:46 Bow Saw
26:57 Forging
27:47 Hand Cart
27:33 Town Patrol
27:38 Heavy Plow
29:05 Iron Casting
28:37 Scale Barding Armor
29:08 Medium Warships
28:49 Gillnets
31:53 Padded Archer Armor
31:44 Fletching
32:05 Elite Skirmisher
32:51 Thumb Ring
34:23 Crossbowman
35:59 Gold Shaft Mining
37:49 Leather Archer Armor
37:30 Bodkin Arrow
45:58 Imperial Age
45:13 Arbalester
Paolosip3532
13:14 Loom
18:57 Feudal Age
20:16 Wheelbarrow
19:52 Horse Collar
19:39 Champi Runner
24:35 Double-Bit Axe
25:03 Gold Mining
26:58 Stone Mining
27:30 Forging
31:50 Castle Age
32:42 Fletching
33:07 Bow Saw
33:37 Gold Shaft Mining
34:36 Hand Cart
36:17 Town Watch
36:36 Bodkin Arrow
42:18 Imperial Age
46:34 Imperial Age
Stoskraw
10:20 Loom
19:47 Feudal Age
22:17 Arson
22:42 Champi Runner
24:27 Scale Mail Armor
24:39 Forging
29:55 Horse Collar
30:03 Double-Bit Axe
34:41 Castle Age
35:41 Chain Mail Armor
40:24 Iron Casting
39:39 Fletching
44:54 Gold Mining
45:22 Fortified Wall
fundopando
9:12 Loom
14:35 Feudal Age
15:58 Double-Bit Axe
15:56 Horse Collar
18:31 Arson
25:03 Castle Age
24:22 Scale Mail Armor
24:33 Forging
25:40 Wheelbarrow
26:00 Heavy Plow
26:14 Bow Saw
26:58 Pikeman
27:39 Squires
29:40 Chain Mail Armor
30:01 Iron Casting
35:06 Padded Archer Armor
34:57 Fletching
35:24 Hand Cart
37:21 Elite Skirmisher
Erny
16:03 Feudal Age
16:30 Double-Bit Axe
16:27 Horse Collar
20:58 Gold Mining
20:59 Stone Mining
23:51 Loom
27:52 Castle Age
31:35 Elite Skirmisher
33:21 Fletching
33:31 Padded Archer Armor
37:30 Pikeman
38:00 Crossbowman
38:45 Bodkin Arrow
41:40 Gold Shaft Mining
42:08 Leather Archer Armor
45:43 Ballistics
Connection lost

Rejoining the realm…

Still unreachable

The connection could not be restored.

Session expired

The server has moved on; the page needs a fresh start.